 Dungeon Crawl Stone Soup version 0.27.0-1-g7a089689b8 (webtiles) character file.

Game seed: 1422636495299025952

163 jamesdean20 the Chopper (level 5, -10/46 HPs)
             Began as a Hill Orc Fighter on Aug 9, 2021.
             Blown up by Pikel (18 damage)
             ... with a mindburst bolt
             ... on level 4 of the Dungeon.
             The game lasted 00:15:10 (3342 turns).

jamesdean20 the Chopper (Hill Orc Fighter)          Turns: 3342, Time: 00:15:11

Health: -10/46     AC: 10    Str: 20    XL:     5   Next: 44%
Magic:  5/5        EV:  7    Int:  8    God:
Gold:   101        SH: 10    Dex: 10    Spells: 4/4 levels left

rFire    + . .     SeeInvis +   a - +0 war axe
rCold    . . .     Faith    .   c - +1 kite shield
rNeg     . . .     Spirit   .   b - +0 scale mail
rPois    .         Reflect  .   d - +2 helmet {SInv}
rElec    .         Harm     .   (no cloak)
rCorr    .         Rampage  .   (no gloves)
Will     +....                  (no boots)
Stlth    ..........             (no amulet)
HPRegen  0.15/turn              i - ring of willpower
MPRegen  0.09/turn              o - ring of protection from fire

@: no status effects
A: no striking features
a: no special abilities


You were on level 4 of the Dungeon.
You visited 1 branch of the dungeon, and saw 4 of its levels.

You collected 101 gold pieces.

Inventory:

Hand Weapons
 a - a +0 war axe (weapon)
Armour
 b - a +0 scale mail (worn)
 c - a +1 kite shield (worn)
 d - a +2 helmet of see invisible (worn)
Jewellery
 i - a ring of willpower (left hand)
 o - a ring of protection from fire (right hand)
Scrolls
 e - a scroll of vulnerability {unknown}
 f - a scroll of amnesia
 h - a scroll of fog {unknown}
 k - 2 scrolls of teleportation {unknown}
 p - 3 scrolls of torment {unknown}
Potions
 g - 2 potions of attraction {unknown}
 j - a potion of curing {unknown}
 l - 2 potions of brilliance {unknown}
 m - a potion of mutation {unknown}
 n - a potion of resistance {unknown}


   Skills:
 + Level 4.1 Fighting
 + Level 4.6 Axes
 + Level 4.2 Armour
 + Level 0.7 Dodging
 + Level 4.4 Shields


You had 4 spell levels left.
You didn't know any spells.
Your spell library contained the following spells:

 Spells                   Type           Power      Damage    Failure   Level
 Freeze                   Ice            0%         1d3       99%         1
 Static Discharge         Conj/Air       0%         N/A       100%        2
 Lightning Bolt           Conj/Air       0%         1d11      100%        5
 Maxwell's Capacitive Co  Air            0%         ∞         100%        8


Dungeon Overview and Level Annotations

Branches:
Dungeon (4/15)
 Temple: D:4-7

Altars:
Dithmenos
Hepliaklqana

Annotations:
D:4 Eustachio, Pikel


Message History

Pikel barely misses you.
You hit Pikel but do no damage.
Pikel is moderately wounded.
Pikel hits you with a +0 whip of freezing.
Pikel freezes you.
Unknown command.
You barely miss Pikel.
Pikel is moderately wounded.
Pikel says, "You'll feel the lick of my whip!"
Pikel hits you with a +0 whip of freezing.
Pikel freezes you. You block Pikel's attack.
The crimson imp blinks!
You slash Pikel!
Pikel is heavily wounded.
Pikel zaps a wand.
You resist with some effort.
The crimson imp blinks!
You closely miss Pikel.
Pikel is heavily wounded.
You block Pikel's attack.
The white imp grins evilly.
Pikel zaps a wand.
You resist with some effort.
You completely miss Pikel.
Pikel is heavily wounded.
Eustachio casts a spell.
The crimson imp blinks!
Pikel hits you but does no damage.
Your shield prevents you from hitting Pikel.
Pikel is heavily wounded.
The white imp disappears in a puff of smoke!
Eustachio says, "Summoning is fun!"
The crimson imp blinks!
Pikel zaps a wand.
Your mind is blasted!
Pikel says, "You'll feel the lick of my whip!"
Pikel hits you but does no damage.
You barely miss Pikel.
Pikel is heavily wounded.
Pikel hits you with a +0 whip of freezing.
* * * LOW HITPOINT WARNING * * *
Pikel freezes you.
* * * LOW HITPOINT WARNING * * *
Pikel zaps a wand.
Your mind is blasted!
* * * LOW HITPOINT WARNING * * *
Pikel zaps a wand.
Your mind is blasted!
You die...

#.. #.#
#...##'####
#.........####
#............#
#............#
.......>......#
.######.......#
#.......#
#@......#
#.......#
#K^.....#
#5......#
#.......#
#5####### #b#
#.#5# #.#.#


You could see Pikel, 3 lemures and a bat (summoned).

Vanquished Creatures
  Robin (D:3)
  5 adders
  A white imp (D:3)
  A worm (D:3)
  5 dart slugs
  3 orcs
  6 endoplasms
  4 giant cockroaches
  14 goblins
  11 hobgoblins
  4 quokkas
  8 ball pythons
  2 bats (D:3)
  4 frilled lizards
  5 kobolds
  6 rats
80 creatures vanquished.

Vanquished Creatures (others)
  5 fungi (D:3)
  2 plants (D:3)
7 creatures vanquished.

Grand Total: 87 creatures vanquished

Notes
Turn   | Place    | Note
-------+----------+-------------------------------------------
     0 | D:1      | jamesdean20 the Hill Orc Fighter began the quest for the
                  | Orb.
     0 | D:1      | Reached XP level 1. HP: 19/19 MP: 1/1
    47 | D:1      | Reached XP level 2. HP: 15/27 MP: 2/2
   575 | D:1      | Reached XP level 3. HP: 33/33 MP: 3/3
  1056 | D:2      | Found a hazy altar of Hepliaklqana.
  1195 | D:2      | Reached XP level 4. HP: 40/40 MP: 4/4
  2655 | D:3      | Reached XP level 5. HP: 46/46 MP: 5/5
  2750 | D:3      | Found a shadowy altar of Dithmenos.
  2826 | D:3      | Found a faded altar of an unknown god.
  2835 | D:3      | Got Plato's Incunabulum of the Glacier
  2838 | D:3      | Noticed Robin
  2864 | D:3      | Killed Robin
  3307 | D:4      | Noticed a lemure
  3308 | D:4      | Noticed Pikel
  3308 | D:4      | Noticed a lemure
  3308 | D:4      | Noticed Eustachio
  3320 | D:4      | Noticed a lemure
  3322 | D:4      | Noticed a lemure
  3342 | D:4      | Blown up by Pikel

Illustrated notes

Levels and vault maps discovered:
D:1:      roderic_dead_forest, layout_rooms, chequers_jeans, hex_tiny
D:2:      layout_basic, basic_altar
D:3:      layout_basic, overflow_temple_1_default,
          shapermc_ecumenical_altar_rom_forum, uniq_robin
D:4:      layout_basic, nemelex_spade_bored_becter, kennysheep_okawaru_gauntlet,
          ebering_ghost_reflecting_pool, uniq_eustachio, uniq_pikel,
          uniq_menkaure, uniq_grinder

Skill      XL: |  1  2  3  4 |
---------------+-------------+-----
Axes           | 3 4 |  4.6
Armour         | 4 |  4.2
Fighting       | 4 |  4.1
Shields        | 4 |  4.4
Dodging        | |  0.7

Action                   |  1- 3 |  4- 6 || total
-------------------------+-------+-------++-------
Melee: War axe           |   123 |   159 ||   282
  Use: Scroll            |     2 |     1 ||     3
       Potion            |       |     1 ||     1
Armor: Scale mail        |    53 |    68 ||   121
Dodge: Dodged            |    34 |    52 ||    86
Block: Kite shield       |    71 |   100 ||   171
